 Dungeon Crawl Stone Soup version 0.26-a0-597-gb535b0901c (webtiles) character file.

Game seed: 3402691166717719858

9 Alarkh the Skirmisher (level 2, -1/24 HPs)
             Began as a Demonspawn Monk on Sept 3, 2020.
             Slain by a leopard gecko (2 damage)
             ... on level 1 of the Dungeon.
             The game lasted 00:00:31 (332 turns).

Alarkh the Skirmisher (Demonspawn Monk)              Turns: 332, Time: 00:00:32

Health: -1/24      AC:  2    Str: 11    XL:     2   Next: 3%
Magic:  0/2        EV: 13    Int: 11    God:
Gold:   13         SH:  0    Dex: 15    Spells: 1/1 levels left

rFire    . . .     SeeInvis .     - Unarmed
rCold    . . .     Faith    .   (no shield)
rNeg     . . .     Spirit   +   a - +0 robe
rPois    .         Reflect  .   (no helmet)
rElec    .         Harm     .   (no cloak)
rCorr    .                      (no gloves)
MR       .....                  (no boots)
Stlth    ++........             (no amulet)
HPRegen  0.08/turn              (no ring)
MPRegen  0.08/turn              (no ring)

@: no status effects
A: magic shield
a: no special abilities


You were on level 1 of the Dungeon.
You visited 1 branch of the dungeon, and saw 1 of its levels.

You collected 13 gold pieces.

Inventory:

Armour
 a - a +0 robe (worn)
Scrolls
 b - a scroll of fear {unknown}
 c - a scroll of teleportation {unknown}


   Skills:
 + Level 3.2 Fighting
 - Level 2.6 Dodging
 - Level 1.7 Stealth
 * Level 3.1 Unarmed Combat


You had one spell level left.
You didn't know any spells.
Your spell library was empty.

Dungeon Overview and Level Annotations

Branches:
Dungeon (1/15)

Altars:


Innate Abilities, Weirdness & Mutations

When hurt, damage is shared between your health and your magic reserves.


Message History

You hit the leopard gecko.
The leopard gecko is almost dead.
The bat closely misses you. The leopard gecko misses you.
You miss the leopard gecko.
The leopard gecko is almost dead.
The bat hits you but does no damage. The leopard gecko barely misses you.
You miss the leopard gecko.
The leopard gecko is almost dead.
The bat hits you but does no damage. The leopard gecko closely misses you.
The bat hits you but does no damage.
You hit the leopard gecko but do no damage.
The leopard gecko is almost dead.
The bat hits you but does no damage. The leopard gecko bites you.
* * * LOW HITPOINT WARNING * * *
The leopard gecko bites you.
* * * LOW HITPOINT WARNING * * *
You closely miss the leopard gecko.
The leopard gecko is almost dead.
The leopard gecko bites you.
You die...

## #......# .#
#.####.####+####
.########.#
#..#......#
..........#
##.#......#
♣.♣#'###..#
#.#......#
♣8♣#...#
#.#......#
♣♣♣#.♣.#
#.#K.....# #...#
####.l# ####''##
#.)..@##
#..#...#
#..†.b.#
#.<'.###
#....#.# ######
#...$.#.#
#......#.#
#.##.#.... #..
..###.. #.##.$.
..> # .$. ##


You could see a leopard gecko, a bat and a kobold.

Vanquished Creatures
  A goblin (D:1)
  A hobgoblin (D:1)
  2 kobolds (D:1)
  2 bats (D:1)
  A frilled lizard (D:1)
  3 rats (D:1)
10 creatures vanquished.

Notes
Turn   | Place    | Note
-------+----------+-------------------------------------------
     0 | D:1      | Alarkh the Demonspawn Monk began the quest for the Orb.
     0 | D:1      | Reached XP level 1. HP: 18/18 MP: 1/1
   304 | D:1      | Gained mutation: When hurt, damage is shared between your
                  | health and your magic reserves. [demonic ancestry]
   304 | D:1      | Reached XP level 2. HP: 21/24 MP: 2/2
   331 | D:1      | HP: 1/24 [leopard gecko (2)]
   332 | D:1      | Slain by a leopard gecko

Illustrated notes

Levels and vault maps discovered:
D:1:      sevenhm_arrival_forest_fort_small_3, layout_basic, minmay_pentomino_z4

Skill      XL: |  1 |
---------------+----+-----
Unarmed Combat | 3 |  3.1
Fighting       | |  3.2
Dodging        | |  2.6
Stealth        | |  1.7

Action                   || total
-------------------------++-------
Melee: Unarmed           ||    48
 Stab: Sleeping          ||     1
Armor: Robe              ||    12
Dodge: Dodged            ||    35

Table legend: (Time is in decaauts)
 A = Elapsed time spent in this place.
 B = Non-inter-level travel time spent in this place.
 C = Inter-level travel time spent in this place.
 D = Time resting spent in this place.
 E = Time spent auto-exploring this place.
 F = Levels seen in this place.
 G = Mean time per level.
                   A        B        C        D        E       F      G
               +--------+--------+--------+--------+--------+-----+--------+
         Total |    329 |    329 |      0 |      0 |    245 |   1 |  329.0 |
       Dungeon |    329 |    329 |      0 |      0 |    245 |   1 |  329.0 |
               +--------+--------+--------+--------+--------+-----+--------+

Top non-repeatable levels by time:
     D:1: 329 daAuts
